 Dungeon Crawl Stone Soup version 0.23-a0-344-ge122d05652 (webtiles) character file.

4497 Azzok the Martial Artist (level 10, -1/76 HPs)
             Began as a Gnoll Transmuter on Oct 19, 2018.
             Was a High Priest of Cheibriados.
             Slain by an orc warlord
             ... wielding a +4 battleaxe of electrocution
              (17 damage)
             ... in a bailey.
             The game lasted 00:13:52 (8123 turns).

Azzok the Martial Artist (Gnoll Transmuter)         Turns: 8123, Time: 00:13:52

Health: -1/76      AC:  6    Str: 25    XL:     10   Next: 38%
Magic:  8/20       EV: 30    Int: 31    God:    Cheibriados [*****.]
Gold:   516        SH:  0    Dex: 32    Spells: 5/23 levels left

rFire    . . .     SeeInvis .     - Unarmed
rCold    . . .     Gourm    .   (shield currently unavailable)
rNeg     . . .     Faith    .   (armour currently unavailable)
rPois    x         Spirit   .   (helmet currently unavailable)
rElec    .         Reflect  .   (cloak currently unavailable)
rCorr    .         Harm     .   (gloves currently unavailable)
MR       .....                  (boots currently unavailable)
Stlth    ++++......             (no amulet)
HPRegen  0.22/turn              f - +4 ring of protection
MPRegen  0.17/turn              (no ring)

@: spider-form, very slow
A: tiny, distributed training, strong nose
a: End Transformation, Bend Time, Temporal Distortion, Slouch, Step From Time,
Renounce Religion


You were in a bailey.
You worshipped Cheibriados.
Cheibriados was extremely pleased with you.
You were not hungry.
You were a venomous arachnid creature.
You visited 2 branches of the dungeon, and saw 9 of its levels.
You also visited: Bailey.

You collected 516 gold pieces.

Inventory:

Missiles
 a - 89 arrows
Armour
 m - a +0 pair of boots (melded)
 q - a +0 helmet (melded)
 r - a +2 robe of positive energy (melded)
 s - a +0 pair of gloves (melded)
 u - a +1 cloak (melded)
 y - +0 ice dragon scales
Jewellery
 f - a +4 ring of protection (left front leg)
 v - an uncursed amulet of the acrobat {unknown}
 A - an uncursed ring of protection from magic
Wands
 e - a wand of digging (11)
Scrolls
 c - a scroll of remove curse
 h - a scroll of torment {unknown}
 i - a scroll of silence {unknown}
 j - 3 scrolls of immolation {unknown}
 l - 5 scrolls of teleportation {unknown}
 p - 2 scrolls of enchant armour {unknown}
 t - 2 scrolls of blinking {unknown}
 B - 2 scrolls of acquirement {unknown}
 C - 2 scrolls of identify
Potions
 b - a potion of haste
 g - 2 potions of lignification
 k - 3 potions of agility {unknown}
 n - a potion of magic
 o - 2 potions of brilliance
 w - a potion of heal wounds {unknown}
 z - a potion of might {unknown}
Comestibles
 d - 14 rations
 x - 25 chunks of flesh


   Skills:
 + Level 5.8 Fighting
 + Level 5.1 Short Blades
 + Level 5.1 Long Blades
 + Level 5.1 Axes
 + Level 5.1 Maces & Flails
 + Level 5.1 Polearms
 + Level 5.1 Staves
 + Level 5.1 Slings
 + Level 5.1 Bows
 + Level 5.1 Crossbows
 + Level 5.1 Throwing
 + Level 5.1 Armour
 + Level 7.0 Dodging
 + Level 5.1 Stealth
 + Level 5.1 Shields
 + Level 8.4 Unarmed Combat
 + Level 7.2 Spellcasting
 + Level 4.2 Conjurations
 + Level 4.2 Hexes
 + Level 4.2 Charms
 + Level 4.2 Summonings
 + Level 4.2 Necromancy
 + Level 4.2 Translocations
 + Level 5.8 Transmutations
 + Level 4.2 Fire Magic
 + Level 4.2 Ice Magic
 + Level 4.2 Air Magic
 + Level 4.2 Earth Magic
 + Level 4.2 Poison Magic
 + Level 5.6 Invocations
 + Level 5.1 Evocations


You had 5 spell levels left.
You knew the following spells:

 Your Spells              Type           Power        Failure   Level  Hunger
a - Beastly Appendage     Tmut           #####.       3%          1    None
b - Spider Form           Tmut/Pois      #####.....   7%          3    None
c - Ice Form              Ice/Tmut       #####...     16%         4    ##.....
d - Blade Hands           Tmut           #####.....   26%         5    ####...
e - Sticks to Snakes      Tmut           #####...     4%          2    None
f - Confusing Touch       Hex            #####.       4%          1    None
g - Blink                 Tloc           N/A          5%          2    None

Your spell library contained the following spells:

 Spells                   Type           Power        Failure   Level  Hunger
 Magic Dart               Conj           ####         4%          1    None
 Summon Small Mammal      Summ           ####         4%          1    None
 Call Imp                 Summ           #####...     5%          2    None
 Slow                     Hex            #####...     5%          2    None
 Call Canine Familiar     Summ           #####...     9%          3    None
 Confuse                  Hex            #####...     9%          3    None
 Conjure Flame            Conj/Fire      #####...     9%          3    None
 Gell's Gravitas          Tloc           #####.....   9%          3    None
 Mephitic Cloud           Conj/Pois/Air  #####...     9%          3    None
 Summon Guardian Golem    Hex/Summ       #####...     9%          3    None
 Petrify                  Tmut/Erth      #####...     16%         4    ##.....
 Summon Ice Beast         Ice/Summ       #####...     21%         4    ##.....
 Summon Lightning Spire   Summ/Air       #####...     21%         4    ##.....
 Yara's Violent Unravell  Hex/Tmut       #####.....   34%         5    ####...
 Metabolic Englaciation   Hex/Ice        #####.....   43%         5    ####...


Dungeon Overview and Level Annotations

Branches:
Dungeon (8/15)             Temple (1/1) D:4
   Lair: D:8-11

Altars:
Ashenzari
Cheibriados
Elyvilon
Fedhas
Gozag
Kikubaaqudgha
Makhleb
Nemelex Xobeh
Okawaru
Qazlal
Sif Muna
Trog
Uskayaw
Vehumet
Wu Jian
Xom
Yredelemnul
Zin
The Shining One

Shops:
D:2 *


Innate Abilities, Weirdness & Mutations

Your experience applies equally to all skills.
((You have very sharp teeth.))
Your uncanny sense of smell can sniff out nearby items.


Message History

You hit the orc warlord.
The orc warlord looks as sick as possible!
The orc warlord is moderately wounded.
You maul the orc warlord!!
The orc warlord looks as sick as possible!
The orc warlord is heavily wounded.
The orc warlord hits you with a +4 battleaxe of electrocution!
You are electrocuted!
* * * LOW HITPOINT WARNING * * *
Okay, then.
Okay, then.
Okay, then.
You hit the orc warlord but do no damage.
The orc warlord looks as sick as possible!
The orc warlord is heavily wounded.
The orc misses you.
You bite the orc warlord!
The orc warlord is severely wounded.
The orc warlord hits you with a +4 battleaxe of electrocution!
You die...

·▒▒▒ ▒▒▒·▒▒▒ ···▒▒▒
▒▒▒·····▒▒▒
·····▒▒▒·········▒▒
···))·▒·····)·····▒
···))·)···)·······▒
⌠··)))▒·····⌠)····▒
····)·▒······))···▒
······▒·······)···▒
·····▒▒▒······)os▒▒▒
···▒▒▒
▒▒▒·····▒o▒·▒▒▒ )▒▒▒
▒▒▒·▒▒▒o····▒▒▒ ▒▒∆
▒▒▒····)····▒ ▒∆∆
▒8··g·······▒ ▒∆∆
▒8··········▒ ▒∆∆
·'·····⌠····∩▒ ▒∆∆
··▒8··········▒ ▒∆∆
··▒▒8··········▒


You could see an orc warlord, an orc warrior, an orc and a hobgoblin.

Vanquished Creatures
  An orc knight (Bailey)
  A hippogriff (D:3)
  Sigmund (D:4)
  2 ice beasts
  12 orc warriors
  A sky beast (D:7)
  3 ogres
  A phantom (D:6)
  2 centaurs
  Blork the orc (D:4)
  A bullfrog (D:7)
  A scorpion (D:5)
  11 killer bees (D:7)
  4 howler monkeys
  An electric eel (D:7)
  3 crimson imps
  A bullfrog zombie (D:5)
  3 hounds
  A jelly (D:5)
  2 orc priests (D:3)
  Crazy Yiuf (D:3)
  2 centaur skeletons
  An orc wizard (D:6)
  5 worker ants
  2 iguanas
  14 gnolls
  6 adders
  A howler monkey skeleton (D:4)
  2 shadow imps (D:5)
  2 oozes (D:1)
  2 adder skeletons
  A dart slug (D:1)
  5 leopard geckos
  29 orcs
  A ball python (D:3)
  4 bats
  6 giant cockroaches
  14 hobgoblins
  10 jackals
  6 kobolds
  3 quokkas
  3 frilled lizards
  31 goblins
  A jackal skeleton (D:7)
  A jackal zombie (D:8)
  A leopard gecko skeleton (D:4)
  3 rats
210 creatures vanquished.

Notes
Turn   | Place    | Note
-------+----------+-------------------------------------------
     0 | D:1      | Azzok the Gnoll Transmuter began the quest for the Orb.
     0 | D:1      | Reached XP level 1. HP: 17/17 MP: 6/6
   195 | D:1      | Reached XP level 2. HP: 22/23 MP: 5/7
   349 | D:1      | Reached XP level 3. HP: 28/28 MP: 9/9
   354 | D:1      | Learned a level 3 spell: Spider Form
   376 | D:1      | Reached skill level 5 in Spellcasting
   782 | D:1      | Reached skill level 1 in Invocations
   865 | D:2      | Reached skill level 1 in Short Blades
   865 | D:2      | Reached skill level 1 in Long Blades
   865 | D:2      | Reached skill level 1 in Axes
   865 | D:2      | Reached skill level 1 in Maces & Flails
   865 | D:2      | Reached skill level 1 in Polearms
   865 | D:2      | Reached skill level 1 in Staves
   865 | D:2      | Reached skill level 1 in Slings
   865 | D:2      | Reached skill level 1 in Bows
   865 | D:2      | Reached skill level 1 in Crossbows
   865 | D:2      | Reached skill level 1 in Throwing
   865 | D:2      | Reached skill level 1 in Armour
   865 | D:2      | Reached skill level 1 in Stealth
   865 | D:2      | Reached skill level 1 in Shields
   865 | D:2      | Reached skill level 1 in Evocations
   878 | D:2      | Found Zin's Purification Station.
   878 | D:2      | Found a glowing silver altar of Zin.
  1136 | D:2      | Found a radiant altar of Vehumet.
  1230 | D:2      | You fall through a shaft for 2 floors!
  1230 | D:4      | Found a staircase to the Ecumenical Temple.
  1240 | D:4      | Reached skill level 1 in Conjurations
  1240 | D:4      | Reached skill level 1 in Hexes
  1240 | D:4      | Reached skill level 1 in Charms
  1240 | D:4      | Reached skill level 1 in Summonings
  1240 | D:4      | Reached skill level 1 in Necromancy
  1240 | D:4      | Reached skill level 1 in Translocations
  1240 | D:4      | Reached skill level 1 in Fire Magic
  1240 | D:4      | Reached skill level 1 in Ice Magic
  1240 | D:4      | Reached skill level 1 in Air Magic
  1240 | D:4      | Reached skill level 1 in Earth Magic
  1240 | D:4      | Reached skill level 1 in Poison Magic
  1240 | D:4      | Reached XP level 4. HP: 26/34 MP: 3/11
  1242 | D:4      | Reached XP level 5. HP: 26/40 MP: 3/12
  1246 | Temple   | Entered the Ecumenical Temple
  1512 | D:4      | Learned a level 4 spell: Ice Form
  1579 | Temple   | Became a worshipper of Cheibriados the Contemplative
  1600 | D:4      | Noticed Blork the orc
  1614 | D:4      | Killed Blork the orc
  1733 | D:4      | Reached XP level 6. HP: 25/47 MP: 9/13
  2159 | D:4      | Reached skill level 5 in Dodging
  2380 | D:4      | Noticed Sigmund
  2391 | D:4      | Killed Sigmund
  2391 | D:4      | Reached skill level 7 in Unarmed Combat
  2391 | D:4      | Reached XP level 7. HP: 43/52 MP: 12/15
  2565 | D:4      | Reached * piety under Cheibriados
  2713 | D:4      | Found a stormy altar of Qazlal.
  2945 | D:3      | Noticed a hippogriff
  2958 | D:3      | Killed a hippogriff
  3221 | D:3      | Found a white marble altar of Elyvilon.
  3356 | D:3      | Found a runed door.
  3360 | D:3      | Noticed Crazy Yiuf
  3368 | D:3      | Killed Crazy Yiuf
  3368 | D:3      | Reached XP level 8. HP: 32/60 MP: 13/16
  4105 | D:3      | Reached ** piety under Cheibriados
  4228 | D:3      | Learned a level 5 spell: Blade Hands
  4231 | D:3      | Learned a level 2 spell: Sticks to Snakes
  4483 | D:5      | Entered Level 5 of the Dungeon
  4819 | D:5      | Found a blossoming altar of Fedhas.
  4919 | D:5      | Found a glowing golden altar of the Shining One.
  5852 | D:6      | Reached XP level 9. HP: 66/66 MP: 13/18
  6035 | D:6      | Reached skill level 5 in Transmutations
  6066 | D:6      | Found a blossoming altar of Fedhas.
  6222 | D:7      | Found a basalt altar of Yredelemnul.
  6363 | D:7      | Reached *** piety under Cheibriados
  6732 | D:7      | Reached skill level 5 in Fighting
  6929 | D:7      | Reached skill level 8 in Unarmed Combat
  7033 | D:7      | Found a burning altar of Makhleb.
  7091 | D:7      | Learned a level 1 spell: Confusing Touch
  7177 | D:8      | Found a hide-covered altar of Uskayaw.
  7184 | D:8      | Learned a level 2 spell: Blink
  7405 | D:8      | Reached **** piety under Cheibriados
  7422 | D:8      | Found a flagged portal.
  7432 | Bailey   | Entered a bailey
  7509 | Bailey   | Reached skill level 5 in Invocations
  7644 | Bailey   | Reached XP level 10. HP: 51/74 MP: 16/20
  7649 | Bailey   | Reached ***** piety under Cheibriados
  7992 | Bailey   | Noticed an orc knight
  7997 | Bailey   | Killed an orc knight
  7997 | Bailey   | Reached skill level 5 in Short Blades
  7997 | Bailey   | Reached skill level 5 in Long Blades
  7997 | Bailey   | Reached skill level 5 in Axes
  7997 | Bailey   | Reached skill level 5 in Maces & Flails
  7997 | Bailey   | Reached skill level 5 in Polearms
  7997 | Bailey   | Reached skill level 5 in Staves
  7997 | Bailey   | Reached skill level 5 in Slings
  7997 | Bailey   | Reached skill level 5 in Bows
  7997 | Bailey   | Reached skill level 5 in Crossbows
  7997 | Bailey   | Reached skill level 5 in Throwing
  7997 | Bailey   | Reached skill level 5 in Armour
  7997 | Bailey   | Reached skill level 5 in Stealth
  7997 | Bailey   | Reached skill level 5 in Shields
  7997 | Bailey   | Reached skill level 5 in Evocations
  8103 | Bailey   | Noticed an orc warlord
  8123 | Bailey   | Slain by an orc warlord

Vault maps used:
D:1:      minmay_arrival_wavy_path
D:2:      lemuel_doored_altar, zin_purify
D:3:      elyvilon_altar_1, uniq_crazy_yiuf_cottage
D:4:      lemuel_crystal_altar, minmay_temple_entry_overgrown,
          uniq_blork_the_orc, uniq_sigmund
D:5:      nicolae_overflow_crystal_walls, kennysheep_little_box, first_ration
D:6:      basic_altar
D:7:      cheibrodos_helix_gallery, makhleb_grotto_becter,
          overflow_temple_1_default
D:8:      old_standard_altar, enter_bailey_3
Temple:   jpeg_temple_clearing
Bailey:   bailey_axe_minmay_hex_keep, bailey

Skill      XL: |  1  2  3  4  5  6  7  8  9 10 |
---------------+-------------------------------+-----
Spellcasting   | 5 6 7 |  7.2
Invocations    | 1 2 3 4 5 |  5.6
Short Blades   | 1 2 3 4 5 |  5.1
Long Blades    | 1 2 3 4 5 |  5.1
Axes           | 1 2 3 4 5 |  5.1
Maces & Flails | 1 2 3 4 5 |  5.1
Polearms       | 1 2 3 4 5 |  5.1
Staves         | 1 2 3 4 5 |  5.1
Slings         | 1 2 3 4 5 |  5.1
Bows           | 1 2 3 4 5 |  5.1
Crossbows      | 1 2 3 4 5 |  5.1
Throwing       | 1 2 3 4 5 |  5.1
Armour         | 1 2 3 4 5 |  5.1
Stealth        | 1 2 3 4 5 |  5.1
Shields        | 1 2 3 4 5 |  5.1
Evocations     | 1 2 3 4 5 |  5.1
Conjurations   | 1 2 3 4 |  4.2
Hexes          | 1 2 3 4 |  4.2
Charms         | 1 2 3 4 |  4.2
Summonings     | 1 2 3 4 |  4.2
Necromancy     | 1 2 3 4 |  4.2
Translocations | 1 2 3 4 |  4.2
Fire Magic     | 1 2 3 4 |  4.2
Ice Magic      | 1 2 3 4 |  4.2
Air Magic      | 1 2 3 4 |  4.2
Earth Magic    | 1 2 3 4 |  4.2
Poison Magic   | 1 2 3 4 |  4.2
Fighting       | 3 4 5 |  5.8
Transmutations | 4 5 |  5.8
Dodging        | 5 6 7 |  7.0
Unarmed Combat | 7 8 |  8.4

Action                   |  1- 3 |  4- 6 |  7- 9 | 10-12 || total
-------------------------+-------+-------+-------+-------++-------
Melee: Unarmed           |    70 |    53 |   342 |    86 ||   551
       Bite              |    10 |     2 |    28 |     4 ||    44
       Kick              |     4 |       |       |       ||     4
       Punch             |     1 |       |     6 |     2 ||     9
 Cast: Beastly Appendage |     4 |       |       |       ||     4
       Spider Form       |     1 |     5 |     4 |     1 ||    11
       Ice Form          |       |       |    20 |     5 ||    25
       Blade Hands       |       |       |     1 |       ||     1
       Sticks to Snakes  |       |       |       |     1 ||     1
Invok: Slouch            |       |       |       |     1 ||     1
  Use: Scroll            |       |       |     6 |       ||     6
       Potion            |       |       |     1 |       ||     1
 Stab: Sleeping          |       |     2 |     8 |       ||    10
  Eat: Chunk             |       |     5 |    11 |     1 ||    17
Armor: Robe              |    10 |     4 |    39 |     1 ||    54
       Skin              |       |       |    41 |    11 ||    52
Dodge: Dodged            |    60 |    40 |   258 |    59 ||   417

Table legend:
 A = Non-vault XP
 B = Vault XP
 C = Vault XP percentage of total XP
 D = Non-vault monster count
 E = Vault monster count
 F = Vault count percentage of total count
                 A         B        C        D         E       F
            +---------+---------+-------+---------+---------+-------
      Total |    3566 |    2859 |  44.5 |     136 |      74 |  35.2
            +---------+---------+-------+---------+---------+-------
        D:1 |      60 |       0 |   0.0 |      21 |       0 |   0.0
        D:2 |      20 |       0 |   0.0 |       5 |       0 |   0.0
        D:3 |     460 |      40 |   8.0 |      29 |       1 |   3.3
        D:4 |     445 |     337 |  43.1 |      21 |       2 |   8.7
        D:5 |     552 |       0 |   0.0 |      19 |       0 |   0.0
        D:6 |     707 |       0 |   0.0 |      12 |       0 |   0.0
        D:7 |    1156 |     174 |  13.1 |      21 |       2 |   8.7
        D:8 |     166 |       8 |   4.6 |       8 |       4 |  33.3
     Bailey |       0 |    2300 | 100.0 |       0 |      65 | 100.0
            +---------+---------+-------+---------+---------+-------
